 Dungeon Crawl Stone Soup version 0.23.0-3-gf3c87f2df8 (webtiles) character file.

Game seed: 7117712147477854298

9 Chiseanne the Grasshopper (level 2, 0/19 HPs)
             Began as an Octopode Warper on Feb 21, 2019.
             Slain by a bat (1 damage)
             ... on level 1 of the Dungeon.
             The game lasted 00:00:20 (222 turns).

Chiseanne the Grasshopper (Octopode Warper)          Turns: 222, Time: 00:00:21

Health: 0/19       AC:  1    Str: 10    XL:     2   Next: 12%
Magic:  5/5        EV: 13    Int: 15    God:
Gold:   0          SH:  0    Dex: 11    Spells: 5/5 levels left

rFire    . . .     SeeInvis .   a - +0 short sword
rCold    . . .     Gourm    .   (no shield)
rNeg     . . .     Faith    .   (helmet restricted)
rPois    .         Spirit   .   (no amulet)
rElec    .         Reflect  .   (no ring)
rCorr    .         Harm     .   (no ring)
MR       .....                  (no ring)
Stlth    +++.......             (no ring)
HPRegen  0.06/turn              (no ring)
MPRegen  0.09/turn              (no ring)
                                (no ring)
                                (no ring)

@: no status effects
A: almost no armour, stealthy swim, amphibious, 8 rings, constrict 8, camouflage
1, gelatinous body 1
a: no special abilities


You were on level 1 of the Dungeon.
You were not hungry.

You visited 1 branch of the dungeon, and saw 1 of its levels.

Inventory:

Hand Weapons
 a - a +0 short sword (weapon)
Missiles
 d - 5 tomahawks of dispersal (quivered)
Scrolls
 b - a scroll of remove curse {unknown}
 c - a scroll of blinking
Comestibles
 f - a ration


   Skills:
 * Level 2.2 Fighting
 - Level 2.0 Short Blades
 - Level 1.0 Throwing
 * Level 2.5 Dodging
 * Level 1.1 Stealth
 * Level 2.1 Spellcasting
   Level 3.0 Translocations


You had 5 spell levels left.
You didn't know any spells.
Your spell library contained the following spells:

 Spells                   Type           Power        Failure   Level  Hunger
 Blink                    Tloc           N/A          10%         2    ###....
 Shroud of Golubria       Chrm/Tloc      #.........   19%         2    ###....
 Gell's Gravitas          Tloc           ##........   19%         3    ###....
 Lesser Beckoning         Tloc           ##........   19%         3    ###....
 Teleport Other           Tloc           ##......     19%         3    ###....
 Passage of Golubria      Tloc           N/A          54%         4    #####..


Dungeon Overview and Level Annotations

Branches:
Dungeon (1/15)

Altars:


Innate Abilities, Weirdness & Mutations

You cannot wear most types of armour.
You are very stealthy in the water. (Stealth+)
You are amphibious.
You can wear up to eight rings at the same time.
You can use your tentacles to constrict eight enemies at once.
Your skin changes colour to match your surroundings (Stealth+).
Your rubbery body absorbs attacks. (AC +1, EV +1)


Message History

The bat closely misses you.
You closely miss the giant cockroach. You grab the giant cockroach.
You constrict the giant cockroach, but do no damage.
The giant cockroach bites you.
* * * LOW HITPOINT WARNING * * *
You hit the giant cockroach. You squeeze the giant cockroach.
You kill the giant cockroach!
The bat hits you.
* * * LOW HITPOINT WARNING * * *
The bat closely misses you.
Things that are here:
a dart slug corpse; a goblin corpse The bat hits you.
* * * LOW HITPOINT WARNING * * *
You hit the bat. Your grab misses the bat.
The bat is heavily wounded.
The bat hits you.
* * * LOW HITPOINT WARNING * * *
The bat hits you.
You die...

##<## ###...### ..
#...≈...#. ...
#.♣.≈.♣.#.. $..
#...≈...#.$# #.#
#.⌠.≈.⌠.# ...###...
#...≈...#..#.#[#.##
#.♣.≈.♣.##.#...b..#
#...≈...##.###@#.###
#.⌠.≈.⌠.##..#..†...#
#...≈...#..###.#$#.#
#.♣.≈.♣.#..#...###
#...≈...#..#.###.##
###...###...........
##∩###..##.....#..
#.###†###......#
#.#..............


You could see a bat.

Vanquished Creatures
  2 dart slugs (D:1)
  A giant cockroach (D:1)
  A goblin (D:1)
  A rat (D:1)
5 creatures vanquished.

Notes
Turn   | Place    | Note
-------+----------+-------------------------------------------
     0 | D:1      | Chiseanne the Octopode Warper began the quest for the Orb.
     0 | D:1      | Reached XP level 1. HP: 14/14 MP: 3/3
   216 | D:1      | Reached skill level 1 in Stealth
   216 | D:1      | Reached XP level 2. HP: 6/19 MP: 5/5
   222 | D:1      | Slain by a bat

Skill      XL: |  1 |
---------------+----+-----
Stealth        | 1 |  1.1
Fighting       | |  2.2
Short Blades   | |  2.0
Throwing       | |  1.0
Dodging        | |  2.5
Spellcasting   | |  2.1
Translocations | |  3.0

Action                   || total
-------------------------++-------
Melee: Short sword       ||    14
       Constrict         ||     4
       Tentacles         ||     3
Dodge: Dodged            ||     9
